 Dungeon Crawl Stone Soup version 0.24-a0-189-g5d897e9 (webtiles) character file.

Game seed: 9916268001819151973

119 Kled the Charmwright (level 5, 0/41 HPs)
             Began as a Barachi Skald on Mar 16, 2019.
             Was a Follower of the Shining One.
             Slain by a hippogriff (11 damage)
             ... on level 3 of the Dungeon.
             The game lasted 00:07:01 (2748 turns).

Kled the Charmwright (Barachi Skald)                Turns: 2748, Time: 00:07:02

Health: 0/41       AC:  5    Str: 13    XL:     5   Next: 3%
Magic:  8/8        EV: 12    Int: 14    God:    the Shining One [*.....]
Gold:   53         SH:  0    Dex: 11    Spells: 4/9 levels left

rFire    . . .     SeeInvis .   a - +0 falchion
rCold    . . .     Gourm    .   (no shield)
rNeg     . . .     Faith    .   b - +0 leather armour
rPois    .         Spirit   .   i - +0 helmet
rElec    .         Reflect  .   l - +0 cloak
rCorr    .         Harm     .   (no gloves)
MR       .....                  (no boots)
Stlth    +.........             (no amulet)
HPRegen  0.13/turn              (no ring)
MPRegen  0.11/turn              (no ring)

@: about to teleport, glowing, lightly drained, slow
A: +LOS, swims, slowness 1, strong legs 1
a: Hop, Renounce Religion


You were on level 3 of the Dungeon.
You worshipped the Shining One.
The Shining One was aware of your devotion.
You were not hungry.

You visited 1 branch of the dungeon, and saw 3 of its levels.

You collected 53 gold pieces.

Inventory:

Hand Weapons
 a - a +0 falchion (weapon)
Armour
 b - a +0 leather armour (worn)
 i - a +0 helmet (worn)
 l - a +0 cloak (worn)
Jewellery
 j - an uncursed amulet of regeneration {unknown}
 k - an uncursed ring of positive energy {unknown}
Scrolls
 e - a scroll of teleportation
Potions
 c - a potion of flight {unknown}
 f - a potion of might {unknown}
 g - a potion of agility
 m - a potion of lignification {unknown}
Comestibles
 d - 5 rations
 h - 3 chunks of flesh


   Skills:
 * Level 3.2 Fighting
 + Level 3.5 Long Blades
 + Level 1.9(1.8) Armour
 * Level 2.9 Dodging
 * Level 2.5 Spellcasting
 * Level 4.2 Charms


You had 4 spell levels left.
You knew the following spells:

 Your Spells              Type           Power        Failure   Level  Hunger
a - Infusion              Chrm           ##..         4%          1    #......
b - Song of Slaying       Chrm           ##......     8%          2    ###....
c - Shroud of Golubria    Chrm/Tloc      #.........   19%         2    ###....

Your spell library contained the following spells:

 Spells                   Type           Power        Failure   Level  Hunger
 Regeneration             Chrm/Necr      #.........   34%         3    ###....
 Spectral Weapon          Hex/Chrm       #.......     34%         3    ###....


Dungeon Overview and Level Annotations

Branches:
Dungeon (3/15)

Altars:
Hepliaklqana
Kikubaaqudgha
The Shining One


Innate Abilities, Weirdness & Mutations

Shadows flee at your approach. (+LOS)
You can swim through water.
You cover ground slowly.
You can hop short distances.


Message History

As you read the scroll of teleportation, it crumbles to dust.
You feel strangely unstable. The hippogriff bites you.
The hippogriff misses you. x2; The kobold hits you with a +0 club.
You hit the hippogriff.
The hippogriff is moderately wounded.
The hippogriff closely misses you.
You riposte.
You hit the hippogriff.
The hippogriff is heavily wounded.
The hippogriff pecks you.
* * * LOW HITPOINT WARNING * * *
The hippogriff claws you but does no damage.
The kobold hits you but does no damage.
You hit the hippogriff.
The hippogriff is heavily wounded.
The hippogriff completely misses you. The hippogriff pecks you.
* * * LOW HITPOINT WARNING * * *
The hippogriff completely misses you. The kobold misses you.
You hit the hippogriff.
The hippogriff is heavily wounded.
The hippogriff bites you!
You die...

# ###### ###.
#.... #... ....
##.#.##..
#.....KH#
#.....%@#
#.......#
.##..[....#
..........#
.<#.......# #
..........##.# #
........(....#.#
..........##.....
.#.###.#..##.#.#.#


You could see a hippogriff and a kobold.

Vanquished Creatures
  Crazy Yiuf (D:2)
  Robin (D:2)
  An adder (D:2)
  An ooze (D:2)
  A worm (D:2)
  A dart slug (D:2)
  A leopard gecko (D:3)
  3 ball pythons (D:2)
  2 giant cockroaches (D:1)
  11 hobgoblins
  10 jackals (D:1)
  A quokka (D:2)
  4 bats
  2 frilled lizards (D:1)
  11 goblins
  A kobold (D:2)
  4 rats
56 creatures vanquished.

Notes
Turn   | Place    | Note
-------+----------+-------------------------------------------
     0 | D:1      | Kled the Barachi Skald began the quest for the Orb.
     0 | D:1      | Reached XP level 1. HP: 17/17 MP: 3/3
   349 | D:1      | Reached XP level 2. HP: 14/23 MP: 1/5
   673 | D:1      | Found a glowing golden altar of the Shining One.
   692 | D:1      | Became a worshipper of the Shining One
  1106 | D:1      | Learned a level 2 spell: Song of Slaying
  1156 | D:1      | Reached XP level 3. HP: 16/28 MP: 4/6
  1806 | D:2      | Found a hazy altar of Hepliaklqana.
  1850 | D:2      | Reached skill level 4 in Charms
  1860 | D:2      | Noticed Robin
  1873 | D:2      | Killed Robin
  1873 | D:2      | Reached XP level 4. HP: 12/35 MP: 2/7
  2166 | D:2      | Found a runed translucent door.
  2167 | D:2      | Noticed Crazy Yiuf
  2226 | D:2      | Found an ancient bone altar of Kikubaaqudgha.
  2485 | D:2      | Reached * piety under the Shining One
  2621 | D:2      | Learned a level 2 spell: Shroud of Golubria
  2628 | D:2      | Killed Crazy Yiuf
  2628 | D:2      | Reached XP level 5. HP: 24/41 MP: 0/8
  2742 | D:3      | Noticed a hippogriff
  2748 | D:3      | Slain by a hippogriff

Levels and vault maps discovered:
D:1:      psy_arrival_basics, layout_basic, st_stairs_10, minmay_misc_feat_iff,
          tso_metal_star
D:2:      layout_rooms, old_standard_altar, kiku_gazebo_pond_becter,
          uniq_crazy_yiuf_cottage, uniq_robin
D:3:      layout_loops_cross, nicolae_ru_sacrificial_ziggurat

Skill      XL: |  1  2  3 |
---------------+----------+-----
Long Blades    | 3 |  3.5
Charms         | 4 |  4.2
Fighting       | 3 |  3.2
Armour         | |  1.9
Dodging        | |  2.9
Spellcasting   | |  2.5

Action                   |  1- 3 |  4- 6 || total
-------------------------+-------+-------++-------
Melee: Falchion          |   112 |    50 ||   162
 Cast: Infusion          |     8 |     3 ||    11
       Song of Slaying   |     1 |     1 ||     2
       Shroud of Golubri |       |     1 ||     1
  Use: Scroll            |     4 |     3 ||     7
       Potion            |     1 |       ||     1
  Eat: Chunk             |     4 |     3 ||     7
Armor: Leather armour    |    29 |    10 ||    39
Dodge: Dodged            |    88 |    33 ||   121
       Rpst.: Falchion   |    21 |     6 ||    27

Table legend:
 A = Non-vault XP
 B = Vault XP
 C = Vault XP percentage of total XP
 D = Non-vault monster count
 E = Vault monster count
 F = Vault count percentage of total count
                 A         B        C        D         E       F
            +---------+---------+-------+---------+---------+-------
      Total |      91 |      80 |  46.8 |      41 |      15 |  26.8
            +---------+---------+-------+---------+---------+-------
        D:1 |      34 |       3 |   8.1 |      20 |       2 |   9.1
        D:2 |      54 |      77 |  58.8 |      20 |      13 |  39.4
        D:3 |       3 |       0 |   0.0 |       1 |       0 |   0.0
            +---------+---------+-------+---------+---------+-------
